FCL
FCL MILWAUKEE BREWERS @ FCL KANSAS CITY ROYALS
05/27/2042
 
TOP OF THE 1ST
FCL Milwaukee Brewers batting - Pitching for FCL Kansas City Royals : LHP Joe Barnes
Pitching: LHP Joe Barnes
Batting: RHB Pat Cartwright 0-0: Ball
1-0: Called Strike
1-1: Ball
2-1: Called Strike
2-2: Strikes out looking
Batting: RHB Ken Kerridge 0-0: Swinging Strike
0-1: Foul Ball, location: 7LSFF
0-2: Hit by Pitch
Batting: LHB Steve Ellis 0-0: 2-RUN HOME RUN (Line Drive, 78XD, EV 106.3 MPH), Distance : 398 ft
Batting: RHB António Enríquez 0-0: Called Strike
0-1: Swinging Strike
0-2: Ball
1-2: Ball
2-2: Strikes out looking
Batting: LHB Kevin Massey 0-0: Ball
1-0: Called Strike
1-1: Ball
2-1: Swinging Strike
2-2: Ball
3-2: Base on Balls
Batting: SHB Augusto Pérez 0-0: Ball
Kevin Massey is caught stealing 2nd base 2-4
Top of the 1st over - 2 runs, 1 hit, 0 errors, 0 left on base; FCL Milwaukee 2 - FCL Kansas City 0
BOTTOM OF THE 1ST
FCL Kansas City Royals batting - Pitching for FCL Milwaukee Brewers : RHP Jon Messer
Pitching: RHP Jon Messer
Batting: RHB Jorge Gómez 0-0: Ball
1-0: Ball
2-0: Ball
3-0: Base on Balls
Batting: LHB Jon Thompson 0-0: Ball
Jorge Gómez steals 2nd base
1-0: Ball
2-0: Ball
3-0: Foul Ball, location: 3F
3-1: Foul Ball, location: 2F
3-2: 2-RUN HOME RUN (Flyball, 9LD, EV 97.5 MPH), Distance : 338 ft
Batting: RHB Jayson Navarro 0-0: Ball
1-0: Ball
2-0: Foul Ball, location: 9LDF
2-1: Ball
3-1: Called Strike
3-2: Foul Ball, location: 2F
3-2: Foul Ball, location: 3F
3-2: SOLO HOME RUN (Flyball, 9D, EV 93.1 MPH), Distance : 350 ft
Batting: RHB Ben Daman 0-0: Swinging Strike
0-1: Ball
1-1: Foul Ball, location: 9LMF
1-2: Hit by Pitch
Batting: RHB Héctor Cortéz 0-0: Called Strike
0-1: Swinging Strike
0-2: Grounds into double play, 1-6-3 (Groundball, 34S, EV 73.8 MPH)
Batting: RHB Billy Sims 0-0: Called Strike
0-1: Foul Ball, location: 9LDF
0-2: Foul Ball, location: 2F
0-2: Ball
1-2: Foul Ball, location: 23F
1-2: Ball
2-2: Ball
3-2: Fly out, F5 (Popup, 56, EV 65.6 MPH)
Bottom of the 1st over - 3 runs, 2 hits, 0 errors, 0 left on base; FCL Milwaukee 2 - FCL Kansas City 3
TOP OF THE 2ND
FCL Milwaukee Brewers batting - Pitching for FCL Kansas City Royals : LHP Joe Barnes
Batting: SHB Augusto Pérez 0-0: Called Strike
0-1: Ball
1-1: Swinging Strike
1-2: Strikes out swinging
Batting: LHB Jesús González 0-0: Called Strike
0-1: Called Strike
0-2: Strikes out swinging
Batting: RHB Mauro Batista 0-0: Ball
1-0: Swinging Strike
1-1: Ball
2-1: Called Strike
2-2: Strikes out looking
Top of the 2nd over - 0 runs, 0 hits, 0 errors, 0 left on base; FCL Milwaukee 2 - FCL Kansas City 3
BOTTOM OF THE 2ND
FCL Kansas City Royals batting - Pitching for FCL Milwaukee Brewers : RHP Jon Messer
Batting: RHB Jorge Rivera 0-0: Ball
1-0: Swinging Strike
1-1: Ball
2-1: Ball
3-1: Swinging Strike
3-2: Foul Ball, location: 25FF
3-2: Foul Ball, location: 9LDF
3-2: Foul Ball, location: 2F
3-2: Foul Ball, location: 2F
3-2: Foul Ball, location: 2F
3-2: Foul Ball, location: 5FF
3-2: Base on Balls
Batting: LHB Jeff Bradford 0-0: Ball
1-0: Ball
2-0: Swinging Strike
2-1: Ball
3-1: Called Strike
3-2: Strikes out swinging
Batting: RHB Jesús Reyes 0-0: Ball
1-0: Swinging Strike
1-1: Ball
2-1: Fielders Choice at 2nd, 5-4 (Groundball, 56, EV 81.3 MPH)
Batting: RHB Jorge Gómez 0-0: Ball
1-0: Ball
2-0: Fly out, F9 (Flyball, 89D, EV 107.5 MPH)
Bottom of the 2nd over - 0 runs, 0 hits, 0 errors, 1 left on base; FCL Milwaukee 2 - FCL Kansas City 3
TOP OF THE 3RD
FCL Milwaukee Brewers batting - Pitching for FCL Kansas City Royals : LHP Joe Barnes
Batting: RHB Ismael González 0-0: Called Strike
0-1: Called Strike
0-2: Strikes out swinging
Batting: RHB Pat Cartwright 0-0: Ball
1-0: Foul Ball, location: 25F
1-1: Foul Ball, location: 2RF
1-2: Ball
2-2: Foul Ball, location: 3DF
2-2: Ball
3-2: Foul Ball, location: 7LDF
3-2: Foul Ball, location: 2F
3-2: Ground out 4-3 (Groundball, 4, EV 90.0 MPH)
Batting: RHB Ken Kerridge 0-0: Ground out 4-3 (Groundball, 4, EV 90.6 MPH)
Top of the 3rd over - 0 runs, 0 hits, 0 errors, 0 left on base; FCL Milwaukee 2 - FCL Kansas City 3
BOTTOM OF THE 3RD
FCL Kansas City Royals batting - Pitching for FCL Milwaukee Brewers : RHP Jon Messer
Batting: LHB Jon Thompson 0-0: Ball
1-0: Ball
2-0: Ball
3-0: Called Strike
3-1: Base on Balls
Batting: RHB Jayson Navarro 0-0: Ball
1-0: Ball
2-0: Swinging Strike
2-1: Ball
3-1: Base on Balls
Jon Thompson to second
Batting: RHB Ben Daman 0-0: Called Strike
0-1: Ball
1-1: Foul Ball, location: 3DF
1-2: Ball
2-2: Ball
3-2: Base on Balls
Jon Thompson to third
Jayson Navarro to second
Batting: RHB Héctor Cortéz 0-0: Ball
1-0: Ball
2-0: Ball
3-0: Base on Balls
Jon Thompson scores
Jayson Navarro to third
Ben Daman to second
Pitching: LHP Steve Perkins
Batting: RHB Billy Sims 0-0: Ball
1-0: Foul Ball, location: 5FF
1-1: Ball
2-1: Ball
3-1: Swinging Strike
3-2: Grounds into double play, 4-6-3 (Groundball, 4, EV 80.0 MPH)
Jayson Navarro scores
Ben Daman to third
Batting: RHB Jorge Rivera 0-0: Called Strike
0-1: Foul Ball, location: 2F
0-2: Ball
1-2: Ball
2-2: DOUBLE (Groundball, 5L, EV 100.6 MPH)
Ben Daman scores
Batting: LHB Jeff Bradford 0-0: Called Strike
0-1: Called Strike
0-2: Ball
1-2: Strikes out swinging
Bottom of the 3rd over - 3 runs, 1 hit, 0 errors, 1 left on base; FCL Milwaukee 2 - FCL Kansas City 6
TOP OF THE 4TH
FCL Milwaukee Brewers batting - Pitching for FCL Kansas City Royals : LHP Joe Barnes
Batting: LHB Steve Ellis 0-0: Foul Ball, location: 25FF
0-1: Foul Ball, location: 2F
0-2: Ball
1-2: Ball
2-2: Strikes out swinging
Batting: RHB António Enríquez 0-0: Called Strike
0-1: Called Strike
0-2: Ball
1-2: SOLO HOME RUN (Flyball, 78XD, EV 108.1 MPH), Distance : 433 ft
Batting: LHB Kevin Massey 0-0: Foul Ball, location: 5FF
0-1: Ball
1-1: Swinging Strike
1-2: Strikes out looking
Batting: SHB Augusto Pérez 0-0: Swinging Strike
0-1: Swinging Strike
0-2: Foul Ball, location: 2F
0-2: Foul Ball, location: 2F
0-2: Strikes out swinging
Top of the 4th over - 1 run, 1 hit, 0 errors, 0 left on base; FCL Milwaukee 3 - FCL Kansas City 6
BOTTOM OF THE 4TH
FCL Kansas City Royals batting - Pitching for FCL Milwaukee Brewers : LHP Steve Perkins
Batting: RHB Jesús Reyes 0-0: Called Strike
0-1: Hit by Pitch
Batting: RHB Jorge Gómez 0-0: Ball
1-0: Ball
2-0: Foul Ball, location: 2F
2-1: Swinging Strike
2-2: Ball
3-2: Foul Ball, location: 2F
3-2: Foul Ball, location: 9LMF
3-2: 2-RUN HOME RUN (Flyball, 7LD, EV 94.4 MPH), Distance : 338 ft
Batting: LHB Jon Thompson 0-0: Ball
1-0: Foul Ball, location: 23F
1-1: Foul Ball, location: 2F
1-2: SINGLE (Groundball, 4MD, EV 96.3 MPH)
Batting: RHB Jayson Navarro 0-0: Ball
1-0: Ball
2-0: SINGLE (Groundball, 6MD, EV 104.4 MPH)
Jon Thompson to second
Runner from 2nd tries for 3rd, OUT! 8-5
Jayson Navarro to second
Batting: RHB Ben Daman 0-0: Swinging Strike
0-1: Ball
1-1: Swinging Strike
1-2: Strikes out swinging, 2-3 out at first.
Batting: RHB Héctor Cortéz 0-0: Ball
1-0: Foul Ball, location: 23FF
1-1: Ball
2-1: Called Strike
2-2: Ball
3-2: Foul Ball, location: 25F
3-2: SINGLE (Popup, 4MD, EV 69.4 MPH)
Jayson Navarro to third
Runner from 3rd tries for Home, throw by 2B and OUT! 4-2
Bottom of the 4th over - 2 runs, 4 hits, 0 errors, 1 left on base; FCL Milwaukee 3 - FCL Kansas City 8
TOP OF THE 5TH
FCL Milwaukee Brewers batting - Pitching for FCL Kansas City Royals : LHP Joe Barnes
Batting: LHB Jesús González 0-0: Ball
1-0: Swinging Strike
1-1: Swinging Strike
1-2: Ball
2-2: Strikes out swinging
Batting: RHB Mauro Batista 0-0: Ball
1-0: Called Strike
1-1: Ball
2-1: Foul Ball, location: 2F
2-2: Strikes out swinging
Batting: RHB Ismael González 0-0: Called Strike
0-1: SOLO HOME RUN (Flyball, 7D, EV 94.4 MPH), Distance : 352 ft
Batting: RHB Pat Cartwright 0-0: Ball
1-0: Foul Ball, location: 2F
1-1: Swinging Strike
1-2: Foul Ball, location: 25FF
1-2: Strikes out swinging
Top of the 5th over - 1 run, 1 hit, 0 errors, 0 left on base; FCL Milwaukee 4 - FCL Kansas City 8
BOTTOM OF THE 5TH
FCL Kansas City Royals batting - Pitching for FCL Milwaukee Brewers : LHP Steve Perkins
Batting: RHB Billy Sims 0-0: Called Strike
0-1: Foul Ball, location: 2F
0-2: Ball
1-2: Ball
2-2: Foul Ball, location: 25F
2-2: Foul Ball, location: 2F
2-2: Foul Ball, location: 9LSF
2-2: Ball
3-2: Foul Ball, location: 3F
3-2: Base on Balls
Batting: RHB Jorge Rivera 0-0: Called Strike
0-1: Ball
Pickoff Throw to First - Out! 1-3 CS
1-1: Ball
2-1: Swinging Strike
2-2: Strikes out swinging
Batting: LHB Jeff Bradford 0-0: Ball
1-0: Ball
2-0: Ball
3-0: Base on Balls
Batting: RHB Jesús Reyes 0-0: Ball
1-0: Swinging Strike
1-1: Foul Ball, location: 9LSF
1-2: Ball
2-2: Ball
3-2: Foul Ball, location: 2LF
3-2: Base on Balls
Jeff Bradford to second
Batting: RHB Jorge Gómez 0-0: Ball
Wild Pitch!
Jeff Bradford to third
Jesús Reyes to second
1-0: Swinging Strike
1-1: Called Strike
1-2: Strikes out swinging
Bottom of the 5th over - 0 runs, 0 hits, 0 errors, 2 left on base; FCL Milwaukee 4 - FCL Kansas City 8
TOP OF THE 6TH
FCL Milwaukee Brewers batting - Pitching for FCL Kansas City Royals : LHP Joe Barnes
Batting: RHB Ken Kerridge 0-0: Ball
1-0: Ball
2-0: Swinging Strike
2-1: Foul Ball, location: 25F
2-2: Strikes out swinging
Batting: LHB Steve Ellis 0-0: Foul Ball, location: 23F
0-1: Called Strike
0-2: Ball
1-2: Strikes out looking
Batting: RHB António Enríquez 0-0: Foul Ball, location: 2F
0-1: Swinging Strike
0-2: Strikes out swinging
Top of the 6th over - 0 runs, 0 hits, 0 errors, 0 left on base; FCL Milwaukee 4 - FCL Kansas City 8
BOTTOM OF THE 6TH
FCL Kansas City Royals batting - Pitching for FCL Milwaukee Brewers : LHP Steve Perkins
Batting: LHB Jon Thompson 0-0: Ball
1-0: Ball
2-0: Ball
3-0: Base on Balls
Pitching: RHP Mike Clifton
Batting: RHB Jayson Navarro 0-0: Foul Ball, location: 9LSF
0-1: Ball
1-1: Swinging Strike
1-2: Strikes out swinging
Batting: RHB Ben Daman 0-0: Called Strike
0-1: Ball
1-1: Fly out, F7 (Flyball, 78S, EV 84.4 MPH)
Batting: RHB Héctor Cortéz 0-0: Called Strike
0-1: SINGLE (Line Drive, 9LS, EV 98.8 MPH)
Jon Thompson to second
Batting: RHB Billy Sims 0-0: Ball
1-0: Ball
2-0: Foul Ball, location: 23F
2-1: Swinging Strike
2-2: Fly out, F8 (Line Drive, 8RM, EV 100.6 MPH)
Bottom of the 6th over - 0 runs, 1 hit, 0 errors, 2 left on base; FCL Milwaukee 4 - FCL Kansas City 8
TOP OF THE 7TH
FCL Milwaukee Brewers batting - Pitching for FCL Kansas City Royals : LHP Joe Barnes
Batting: LHB Kevin Massey 0-0: Ball
1-0: Called Strike
1-1: Foul Ball, location: 9LMF
1-2: Strikes out looking
Batting: SHB Augusto Pérez 0-0: Called Strike
0-1: Ball
1-1: Ball
2-1: Foul Ball, location: 25F
2-2: Strikes out looking
Batting: LHB Jesús González 0-0: Called Strike
0-1: Called Strike
0-2: Ball
1-2: Strikes out swinging
Top of the 7th over - 0 runs, 0 hits, 0 errors, 0 left on base; FCL Milwaukee 4 - FCL Kansas City 8
BOTTOM OF THE 7TH
FCL Kansas City Royals batting - Pitching for FCL Milwaukee Brewers : RHP Mike Clifton
Batting: RHB Jorge Rivera 0-0: Called Strike
0-1: Ball
1-1: Ball
2-1: Foul Ball, location: 5FF
2-2: Ground out 6-3 (Groundball, 6, EV 90.0 MPH)
Batting: LHB Jeff Bradford 0-0: Swinging Strike
0-1: Fly out, F7 (Flyball, 7D, EV 100.6 MPH)
Batting: RHB Jesús Reyes 0-0: Foul Ball, location: 23F
0-1: Fly out, F7 (Flyball, 78S, EV 76.3 MPH)
Bottom of the 7th over - 0 runs, 0 hits, 0 errors, 0 left on base; FCL Milwaukee 4 - FCL Kansas City 8
TOP OF THE 8TH
FCL Milwaukee Brewers batting - Pitching for FCL Kansas City Royals : LHP Joe Barnes
Pitching: RHP Sergio Gómez
Batting: RHB Mauro Batista 0-0: Called Strike
0-1: Foul Ball, location: 2F
0-2: Strikes out swinging
Pinch Hitting: LHB Ron Jiménez 0-0: Called Strike
0-1: Swinging Strike
0-2: Strikes out looking
Pinch Hitting: LHB Nelson Ortíz 0-0: Swinging Strike
0-1: Ball
1-1: Ball
2-1: Foul Ball, location: 23FF
2-2: Strikes out looking
Top of the 8th over - 0 runs, 0 hits, 0 errors, 0 left on base; FCL Milwaukee 4 - FCL Kansas City 8
BOTTOM OF THE 8TH
FCL Kansas City Royals batting - Pitching for FCL Milwaukee Brewers : RHP Mike Clifton
Now at 2B: Alfredo Trejo
Now at 3B: Sergio De Jesús
Batting: RHB Jorge Gómez 0-0: Ball
1-0: Ground out U3 (Groundball, 3S, EV 89.4 MPH)
Batting: LHB Jon Thompson 0-0: Ball
1-0: Ball
2-0: Called Strike
2-1: Swinging Strike
2-2: Ball
3-2: Base on Balls
Batting: RHB Jayson Navarro 0-0: Ball
1-0: Ball
2-0: Foul Ball, location: 25F
2-1: Ball
3-1: Base on Balls
Jon Thompson to second
Batting: RHB Ben Daman 0-0: SINGLE (Line Drive, 89S, EV 87.5 MPH)
Jon Thompson to third
Jayson Navarro to second
Batting: RHB Héctor Cortéz 0-0: GRAND SLAM HOME RUN (Flyball, 89XD, EV 99.4 MPH), Distance : 387 ft
Batting: RHB Billy Sims 0-0: Foul Ball, location: 2F
0-1: Foul Ball, location: 2F
0-2: Foul Ball, location: 3F
0-2: Foul Ball, location: 2RF
0-2: Foul Ball, location: 23FF
0-2: Foul Ball, location: 9LSFF
0-2: Ball
1-2: Foul Ball, location: 2F
1-2: Ball
2-2: Ball
3-2: Fly out, F8 (Flyball, 8LM, EV 80.6 MPH)
Batting: RHB Jorge Rivera 0-0: Called Strike
0-1: Ball
1-1: Called Strike
1-2: Strikes out looking
Bottom of the 8th over - 4 runs, 2 hits, 0 errors, 0 left on base; FCL Milwaukee 4 - FCL Kansas City 12
TOP OF THE 9TH
FCL Milwaukee Brewers batting - Pitching for FCL Kansas City Royals : RHP Sergio Gómez
Pinch Hitting: LHB Dave Shaw 0-0: Ball
1-0: Called Strike
1-1: Swinging Strike
1-2: Ball
2-2: Ball
3-2: Base on Balls
Batting: LHB Steve Ellis 0-0: Ball
1-0: Swinging Strike
1-1: Called Strike
1-2: Foul Ball, location: 2F
1-2: Strikes out looking
Pinch Hitting: LHB José Ybarra 0-0: Ball
1-0: Hit by Pitch
Dave Shaw to second
Pinch Hitting: LHB Luis Pérez 0-0: Swinging Strike
0-1: Called Strike
0-2: Ball
1-2: Foul Ball, location: 2F
1-2: Strikes out swinging
Pinch Hitting: RHB Ron Weaver 0-0: Ball
1-0: Ball
2-0: Ball
Wild Pitch!
Dave Shaw to third
José Ybarra to second
3-0: Base on Balls
Pinch Hitting: RHB José Padilla 0-0: Swinging Strike
0-1: Foul Ball, location: 2F
0-2: Ball
1-2: Strikes out looking
Top of the 9th over - 0 runs, 0 hits, 0 errors, 3 left on base; FCL Milwaukee 4 - FCL Kansas City 12
Monday, April 29th , 2024 - OOTP Baseball 24.10 Build 82